Map: Abyssal Reef LE

Players

Vlign

  • Race: Terran Terran
  • League: Diamond
  • Spawn Location: 11:00

A.I. 1 (Elite) - Winner!

  • Race: Zerg Zerg
  • Spawn Location: 5:00

VOD

Have the link to the VOD?

Description

Time

  • Played on: July 18, 2018, 12:12 a.m.
  • Length: 8:11
Show
View Real Time Build Order
Export as new Build Order

Vlign Terran 

Build Orders:  

Get SALT Encoding   

  12  0:01  SCV  
  13  0:13  SCV  
  14  0:29  Supply Depot  
  14  0:30  SCV  
  14  0:34  Refinery  
  15  0:51  SCV  
  16  0:58  Barracks  
  16  1:03  SCV  
  17  1:15  SCV  
  18  1:18  Refinery  
  18  1:27  SCV  
  20  1:46  Orbital Command  
  19  1:47  Reaper  
  19  1:51  Factory  
  20  2:02  Supply Depot  
  20  2:13  SCV  
  21  2:21  Reaper  
  22  2:25  SCV  
  22  2:28  Command Center  
  23  2:37  SCV  
  23  2:39  Hellion  
  23  2:43  Supply Depot  
  26  2:52  SCV  
  28  3:00  Cyclone  
  28  3:05  SCV  
  32  3:15  Ghost Academy  
  32  3:17  Barracks Tech Lab  
  31  3:24  SCV  
  32  3:33  Cyclone  
  35  3:42  Orbital Command  
  35  3:44  Ghost  
  35  3:45  Refinery  
  37  3:50  Supply Depot  
  37  3:54  SCV  
  37  4:10  SCV  
  37  4:12  Cyclone  
  37  4:13  Ghost  
  43  4:18  SCV, Engineering Bay  
  43  4:22  SCV  
  45  4:31  SCV  
  46  4:34  SCV  
  47  4:42  Ghost  
  47  4:43  SCV  
  47  4:44  Cyclone  
  53  4:46  SCV  
  53  4:50  Refinery  
  53  4:52  Terran Infantry Weapons Level 1  
  54  4:55  SCV  
  54  4:59  Supply Depot, SCV  
  56  5:00  Supply Depot  
  56  5:10  Ghost  
  58  5:16  SCV x2  
  58  5:20  Cyclone  
  63  5:28  SCV  
  63  5:29  SCV  
  63  5:33  Personal Cloaking  
  65  5:40  SCV  
  66  5:45  Ghost  
  66  5:46  Command Center  
  66  5:49  SCV  
  69  5:56  Cyclone  
  72  5:57  SCV  
  72  5:59  Supply Depot  
  72  6:01  Supply Depot  
  72  6:02  SCV  
  74  6:09  SCV  
  75  6:20  SCV  
  75  6:21  Ghost, SCV  
  75  6:23  Supply Depot  
  75  6:24  Supply Depot  
  79  6:29  Barracks  
  79  6:30  Barracks  
  82  6:38  SCV  
  82  6:39  SCV  
  84  6:41  Factory Tech Lab  
  84  6:45  Barracks  
  81  6:48  Barracks  
  81  6:50  SCV  
  81  6:51  Barracks  
  81  6:52  SCV  
  83  6:54  Ghost  
  83  7:01  Siege Tank  
Show
View Real Time Build Order
Export as new Build Order

A.I. 1 (Elite) Zerg - Winner!

Build Orders: Pool First 

Get SALT Encoding   

  12  0:00  Drone  
  13  0:12  Overlord  
  13  0:16  Drone  
  14  0:31  Drone x2  
  16  0:42  Spawning Pool  
  15  0:45  Drone  
  15  0:48  Drone  
  17  1:13  Hatchery, Drone  
  17  1:16  Extractor  
  16  1:19  Drone  
  16  1:21  Extractor  
  16  1:25  Drone  
  17  1:29  Drone  
  17  1:38  Drone  
  19  1:49  Overlord  
  19  1:56  Queen  
  21  2:01  Zergling x2  
  22  2:11  Drone  
  23  2:25  Queen  
  23  2:28  Drone  
  26  2:35  Drone  
  27  2:40  Drone  
  28  2:44  Drone  
  28  2:48  Zergling x2  
  28  2:52  Drone  
  29  3:06  Roach Warren  
  29  3:07  Drone  
  29  3:11  Drone  
  30  3:14  Zergling x2  
  30  3:17  Zergling x2  
  32  3:23  Overlord  
  32  3:27  Drone  
  32  3:30  Drone  
  34  3:47  Roach x2  
  38  3:49  Roach x2  
  42  3:55  Zergling x2  
  42  3:57  Lair  
  42  4:03  Overlord  
  42  4:06  Zergling x2  
  42  4:12  Overlord  
  42  4:14  Zergling x2  
  43  4:21  Zergling x4  
  43  4:23  Drone  
  46  4:25  Drone  
  46  4:28  Drone  
  46  4:30  Drone  
  49  4:33  Drone  
  49  4:38  Overlord  
  50  4:41  Roach  
  54  4:45  Roach  
  54  4:49  Roach  
  54  4:51  Roach  
  58  4:56  Overlord  
  58  5:02  Hydralisk Den  
  58  5:06  Drone  
  58  5:08  Drone  
  58  5:10  Drone  
  58  5:13  Drone  
  61  5:14  Drone  
  61  5:16  Drone  
  61  5:19  Drone  
  65  5:21  Drone  
  65  5:23  Drone  
  65  5:27  Overlord  
  66  5:29  Drone  
  66  5:31  Drone  
  66  5:32  Hydralisk  
  66  5:34  Hydralisk  
  72  5:38  Hydralisk  
  74  5:44  Hydralisk  
  74  5:45  Drone  
  74  5:46  Overlord  
  74  5:48  Drone  
  78  5:50  Drone  
  78  5:51  Drone  
  78  5:55  Drone x2  
  82  6:04  Overlord, Hydralisk x2  
  86  6:12  Metabolic Boost  
  86  6:14  Evolution Chamber  
  85  6:23  Hatchery, Evolution Chamber  
  83  6:32  Drone  
  84  6:35  Ravager x2  
  84  6:37  Evolution Chamber, Drone  
  84  6:39  Roach  
  88  6:41  Roach  
  88  6:44  Overlord  
  90  6:48  Overseer  
  90  6:49  Lurker Den  
  90  6:52  Drone  
  90  7:00  Extractor  
  90  7:01  Roach, Drone  
  90  7:03  Extractor  
  90  7:04  Drone  
  90  7:06  Roach  
  94  7:10  Overlord, Zergling x4  
  94  7:11  Zergling x2  
  94  7:12  Spine Crawler, Zergling x2  
  94  7:14  Drone  
  96  7:16  Hydralisk  
  71  7:23  Hydralisk, Drone x2  
  71  7:28  Roach  
  66  7:30  Roach  
  66  7:33  Drone  
  66  7:34  Hydralisk  
  71  7:39  Hydralisk, Drone  
  66  7:44  Roach  
  66  7:45  Zergling x2, Drone  
  66  7:46  Zergling x2  
  66  7:48  Roach  
  66  7:50  Overseer  
Tags
 
League
Diamond
Matchup
TvZ
Opening
Pool First
Replay Pack
replaypack2
Spawn Locations
Cross Positions
Add a new tag
Caveats
  • Supply blocks, unpowered buildings, or Contaminate may cause inaccurate times.
  • Supply counts are checked every 10 seconds.